 Dungeon Crawl Stone Soup version 0.28.0 (webtiles) character file.

Game seed: 17447988089178676190

37 Deca the Skirmisher (level 3, -1/33 HPs)
             Began as a Hill Orc Fighter on Feb 13, 2022.
             Was an Initiate of Ashenzari.
             Slain by Natasha (4 damage)
             ... on level 2 of the Dungeon.
             The game lasted 00:05:42 (1178 turns).

Deca the Skirmisher (Hill Orc Fighter)              Turns: 1178, Time: 00:05:43

Health: -1/33      AC:  8    Str: 20    XL:     3   Next: 39%
Magic:  3/3        EV:  9    Int:  8    God:    Ashenzari [......]
Gold:   51         SH:  4    Dex: 10    Spells: 2/2 levels left

rFire   . . .      SeeInvis .   a - +0 war axe
rCold   . . .      Faith    .   c - +0 buckler
rNeg    . . .      Spirit   .   b - +0 scale mail
rPois   .          Reflect  .   (no helmet)
rElec   .          Harm     .   (no cloak)
rCorr   .          Rampage  .   j - +0 pair of gloves
Will    .....                   (no boots)
Stlth   ..........              (no amulet)
HPRegen 0.11/turn               (no ring)
MPRegen 0.08/turn               (no ring)

@: no status effects
A: no striking features
a: Renounce Religion, Curse Item


You were on level 2 of the Dungeon.
You worshipped Ashenzari.
Ashenzari was noncommittal.
You visited 1 branch of the dungeon, and saw 2 of its levels.

You collected 51 gold pieces.

Inventory:

Hand Weapons
 a - a +0 war axe (weapon)
Armour
 b - a +0 scale mail (worn)
 c - a +0 buckler (worn)
 j - a +0 pair of gloves (worn)
Scrolls
 g - 2 scrolls of identify {unknown}
 h - a scroll of amnesia {unknown}
 i - a scroll of torment {unknown}
 l - a scroll of fear {unknown}
Potions
 d - a potion of might
 e - a potion of curing
 k - a potion of attraction {unknown}


   Skills:
 + Level 4.1 Fighting
 + Level 3.4 Axes
 + Level 3.7 Armour
 + Level 3.6 Shields


You had 2 spell levels left.
You didn't know any spells.
Your spell library was empty.

Dungeon Overview and Level Annotations

Branches:
Dungeon (2/15)

Altars:
Ashenzari

Annotations:
D:2 Natasha


Message History

No target in view!
There is an open door here.
You see here a frilled lizard corpse.
Natasha, Servant of Life and Death comes into view.
Natasha hisses angrily.
Natasha barely misses you.
You miss Natasha. Natasha claws you!
You hit Natasha but do no damage. Natasha claws you but does no damage.
Natasha claws you.
You hit Natasha but do no damage. Natasha barely misses you.
You hit Natasha but do no damage. You block Natasha's attack.
You closely miss Natasha. Natasha casts a spell at you.
You feel yourself slow down. Natasha closely misses you.
You closely miss Natasha. Natasha claws you but does no damage.
Natasha closely misses you.
You slash Natasha!
Natasha is severely wounded.
You block Natasha's attack. Natasha claws you but does no damage.
You closely miss Natasha.
Natasha is severely wounded.
Natasha claws you.
Natasha drinks a potion.
Natasha is healed!
You barely miss Natasha. Natasha claws you but does no damage.
Natasha barely misses you.
You hit Natasha.
Natasha is lightly wounded.
Natasha claws you. Natasha barely misses you.
You miss Natasha.
Natasha is lightly wounded.
Natasha casts a spell at you. The magic dart hits you.
* * * LOW HITPOINT WARNING * * *
Natasha stares at you and mumbles some strange words.
The magic dart hits you.
* * * LOW HITPOINT WARNING * * *
You closely miss Natasha.
Natasha is lightly wounded.
You feel yourself speed up. Natasha claws you.
You die...

#.... ########
#.... #........
#.... .........
##...
.........##....
###..#####..#..###
#....#8.8#.....#
#)8###...###8..#
#@.†..._...†...#
#.h8###...###8.##
#.....#8.8#....#
#.##..#####.<..# #
... ........#### #
#### .#..#..# #
.#.###.. ## .# #
##. ##. #.#####..


You could see Natasha.

Vanquished Creatures
  5 orcs (D:2)
  4 ball pythons
  2 endoplasms (D:1)
  A goblin (D:1)
  4 hobgoblins (D:1)
  A quokka (D:1)
  7 bats
  4 frilled lizards
  2 kobolds (D:1)
  A rat (D:1)
31 creatures vanquished.

Notes
Turn   | Place    | Note
-------+----------+-------------------------------------------
     0 | D:1      | Deca the Hill Orc Fighter began the quest for the Orb.
     0 | D:1      | Reached XP level 1. HP: 19/19 MP: 1/1
   162 | D:1      | Reached XP level 2. HP: 18/27 MP: 2/2
   746 | D:2      | Reached skill level 4 in Fighting
   792 | D:2      | Reached XP level 3. HP: 18/33 MP: 3/3
  1141 | D:2      | Found a faded altar of an unknown god.
  1156 | D:2      | Prayed at the altar of an unknown god.
  1156 | D:2      | Became a worshipper of Ashenzari the Shackled
  1165 | D:2      | Noticed Natasha
  1178 | D:2      | Slain by Natasha

Illustrated notes

Levels and vault maps discovered:
D:1:      scummos_arrival_forest, layout_basic
D:2:      layout_rooms, basic_altar,
          dreamdust_ecumenical_altar_angels_and_demons, interstate_on_off,
          kennysheep_generic_room_3, uniq_natasha

Skill      XL: |  1  2 |
---------------+-------+-----
Axes           | 3 |  3.4
Fighting       | 4 |  4.1
Armour         | |  3.7
Shields        | |  3.6

Action                   || total
-------------------------++-------
Melee: War axe           ||    85
  Use: Potion            ||     1
Armor: Scale mail        ||    50
Dodge: Dodged            ||    44
Block: Buckler           ||    20
